 Dungeon Crawl Stone Soup version 0.26-a0-524-g073066f (webtiles) character file.

Game seed: 10295080784001262581

7777 Uril the Fighter (level 11, 71/93 HPs)
             Began as a Demonspawn Fighter on Aug 13, 2020.
             Was an Initiate of Gozag.
             Quit the game on level 9 of the Dungeon.
             The game lasted 00:13:17 (10487 turns).

Uril the Fighter (Demonspawn Fighter)              Turns: 10487, Time: 00:13:18

Health: 71/93      AC: 14    Str: 18    XL:     11   Next: 1%
Magic:  9/11       EV:  6    Int: 12    God:    Gozag
Gold:   932        SH:  9    Dex: 12    Spells: 10/10 levels left

rFire    . . .     SeeInvis .   F - +2 whip (elec)
rCold    + . .     Faith    .   c - +0 kite shield
rNeg     + . .     Spirit   +   t - +0 chain mail
rPois    .         Reflect  .   (helmet unavailable)
rElec    .         Harm     .   (no cloak)
rCorr    .                      (no gloves)
MR       .....                  G - +1 pair of boots
Stlth    ..........             E - amulet of guardian spirit
HPRegen  0.25/turn              l - ring of positive energy
MPRegen  0.12/turn              (no ring)

@: gold aura
A: horns 3, yellow scales 1, cold resistance 1, spiny 1
a: Potion Petition, Call Merchant, Bribe Branch, Renounce Religion


You were on level 9 of the Dungeon.
You worshipped Gozag.
Gozag was pleased with you.
You visited 2 branches of the dungeon, and saw 10 of its levels.

You collected 1110 gold pieces.
You paid 178 gold pieces to Gozag.

Inventory:

Hand Weapons
 a - a +1 war axe
 q - a +1 hand axe of freezing
 v - a +0 morningstar
 F - a +2 whip of electrocution (weapon)
 H - the +6 spear "Vitek" {freeze, Str+4 Dex-3}
   (You found it on level 7 of the Dungeon)

   It has been specially enchanted to freeze those struck by it, causing extra
   injury to most foes and up to half again as much damage against particularly
   susceptible opponents.
   It can also slow down cold-blooded creatures.
   It affects your strength (+4).
   It affects your dexterity (-3).
Missiles
 p - 23 poisoned darts (quivered)
 C - a throwing net
Armour
 c - a +0 kite shield (worn)
 t - a +0 chain mail (worn)
 D - a +0 plate armour
 G - a +1 pair of boots (worn)
Jewellery
 l - a ring of positive energy (left hand)
 E - an amulet of guardian spirit (around neck)
 K - an uncursed ring of fire
 L - an uncursed ring of flight
Wands
 j - a wand of paralysis (4)
 x - a wand of flame (47)
 z - a wand of digging (9)
Scrolls
 d - 6 scrolls of remove curse
 g - 2 scrolls of enchant armour
 i - 2 scrolls of identify
 m - a scroll of fog
 o - 2 scrolls of teleportation
 r - a scroll of enchant weapon
 s - 4 scrolls of fear
 y - a scroll of vulnerability {unknown}
 I - a scroll of magic mapping {unknown}
Potions
 b - 4 potions of might
 e - 3 potions of lignification
 f - 2 potions of heal wounds
 h - 2 potions of mutation
 k - a potion of curing
 n - 3 potions of stabbing
 u - a potion of berserk rage {unknown}
 w - a potion of resistance {unknown}
 A - 2 potions of haste
 B - a potion of brilliance {unknown}
 J - a potion of ambrosia {unknown}


   Skills:
 - Level 11.1 Fighting
 - Level 10.0 Axes
 + Level 5.6 Armour
 - Level 3.1 Dodging
 - Level 2.8 Shields
 + Level 3.5 Evocations


You had 10 spell levels left.
You didn't know any spells.
Your spell library contained the following spells:

 Spells                   Type           Power        Failure   Level
 Beastly Appendage        Tmut           #.....       100%        1
 Wereblood                Tmut           #.......     100%        2
 Spider Form              Tmut/Pois      #.........   100%        3
 Ice Form                 Ice/Tmut       #.......     100%        4
 Blade Hands              Tmut           #.........   100%        5


Dungeon Overview and Level Annotations

Branches:
Dungeon (9/15)             Temple (1/1) D:7
   Lair: D:8-11         Orc: D:9-12

Altars:
Ashenzari
Cheibriados
Dithmenos
Elyvilon
Fedhas
Gozag
Hepliaklqana
Kikubaaqudgha
Makhleb
Nemelex Xobeh
Okawaru
Qazlal
Ru
Trog
Uskayaw
Vehumet
Wu Jian
Xom
Yredelemnul
Zin
The Shining One


Innate Abilities, Weirdness & Mutations

You have a pair of large horns on your head.
You are partially covered in yellow scales. (AC +2)
Your flesh is cold resistant. (rC+)
You are partially covered in sharp spines.


Message History

The yak gores you but does no damage.
You closely miss the yak.
The yak is almost dead.
The yak gores you.
You hit the yak.
You kill the yak!
You block the yak's attack.
You see here 78 gold pieces.
You hit the yak but do no damage. You headbutt the yak!
The yak is moderately wounded.
The yak gores you.
You hit the yak. Lightning courses through the yak!
The yak is severely wounded.
You block the yak's attack.
You hit the yak. Lightning courses through the yak!
You kill the yak!
You have reached level 11!
Your demonic ancestry asserts itself...
Sharp spines emerge from parts of your body.
Are you sure you want to abandon this character and quit the game? (Confirm with "yes".)

#.# #.# ##.# #..#
######'###### #########
#............ ........#
#............
.....)..#####.........<..
.......$@...#............
........###.'............
######### ###............
#............
#............
############


There were no monsters in sight!

Vanquished Creatures
  A two-headed ogre (D:9)
  Pikel (D:4)
  2 hippogriffs
  A wyvern (D:8)
  A wraith (D:9)
  5 humans
  9 yaks (D:9)
  Grum (D:8)
  3 phantoms
  4 sky beasts
  2 black bears (D:7)
  An orc warrior (Temple)
  An ice beast (D:5)
  3 ogres
  3 wolves
  3 centaurs
  3 bullfrogs
  5 scorpions
  4 killer bees (D:9)
  2 howler monkeys
  4 wights (D:9)
  A quasit (D:4)
  4 hounds
  4 orc priests
  A jelly (D:6)
  Jessica (D:2)
  5 iguanas
  Ijyb (D:5)
  7 orc wizards
  9 worker ants
  A killer bee zombie (D:8)
  5 hound skeletons
  12 adders
  8 gnolls
  7 river rats (D:5)
  3 white imps
  An ufetubus (D:5)
  3 oozes
  An adder zombie (D:8)
  3 worms
  A dart slug (D:2)
  8 leopard geckos
  34 orcs
  2 ball pythons
  7 bats
  7 giant cockroaches
  9 goblins
  9 hobgoblins
  9 jackals
  9 quokkas
  5 frilled lizards
  4 kobolds
  A leopard gecko skeleton (D:4)
  A quokka zombie (D:8)
  26 rats
  A spectral orc (D:5)
269 creatures vanquished.

Notes
Turn   | Place    | Note
-------+----------+-------------------------------------------
     0 | D:1      | Uril the Demonspawn Fighter began the quest for the Orb.
     0 | D:1      | Reached XP level 1. HP: 18/18 MP: 1/1
   353 | D:1      | Gained mutation: Your flesh is cold resistant. (rC+)
                  | [demonic ancestry]
   353 | D:1      | Reached XP level 2. HP: 15/24 MP: 2/2
  1254 | D:1      | Reached XP level 3. HP: 29/29 MP: 3/3
  1632 | D:2      | Noticed Jessica
  1650 | D:2      | Killed Jessica
  1650 | D:2      | Reached skill level 4 in Fighting
  1650 | D:2      | Gained mutation: You have a pair of small horns on your
                  | head. [demonic ancestry]
  1650 | D:2      | Reached XP level 4. HP: 14/37 MP: 4/4
  1883 | D:2      | Found a blossoming altar of Fedhas.
  2600 | D:3      | Gained mutation: You are partially covered in yellow
                  | scales. (AC +2) [demonic ancestry]
  2600 | D:3      | Reached XP level 5. HP: 34/43 MP: 5/5
  2972 | D:3      | Found a glowing golden altar of the Shining One.
  3051 | D:3      | Reached skill level 5 in Fighting
  3320 | D:4      | Reached XP level 6. HP: 28/51 MP: 6/6
  3561 | D:4      | Found a shimmering altar of Xom.
  3739 | D:4      | Reached skill level 6 in Fighting
  3739 | D:4      | Gained mutation: You have a pair of horns on your head.
                  | [demonic ancestry]
  3739 | D:4      | Reached XP level 7. HP: 51/58 MP: 7/7
  3822 | D:4      | Reached skill level 5 in Axes
  4004 | D:4      | Found a radiant altar of Vehumet.
  4392 | D:5      | Entered Level 5 of the Dungeon
  4648 | D:5      | Noticed Pikel
  4942 | D:4      | Killed Pikel
  4942 | D:4      | Reached skill level 7 in Fighting
  4942 | D:4      | Reached XP level 8. HP: 51/67 MP: 8/8
  5384 | D:5      | Noticed Ijyb
  5392 | D:5      | Killed Ijyb
  5476 | D:5      | Found a shattered altar of Ashenzari.
  5603 | D:5      | Found a basalt altar of Yredelemnul.
  5779 | D:5      | Reached skill level 8 in Fighting
  6704 | D:6      | Reached XP level 9. HP: 65/75 MP: 9/9
  6862 | D:6      | Reached skill level 9 in Fighting
  7102 | D:6      | Found an ancient bone altar of Kikubaaqudgha.
  7791 | D:7      | Found a bloodstained altar of Trog.
  7806 | D:7      | Reached skill level 10 in Fighting
  7889 | D:7      | Found a staircase to the Ecumenical Temple.
  7987 | Temple   | Entered the Ecumenical Temple
  7995 | Temple   | Became a worshipper of Gozag Ym Sagoz the Greedy
  8258 | D:7      | Identified the +6 spear "Vitek" {freeze, Str+4 Dex-3} (You
                  | found it on level 7 of the Dungeon)
  8493 | D:7      | Found a sacrificial altar of Ru.
  8634 | D:7      | Found a white marble altar of Elyvilon.
  8634 | D:7      | Found a stormy altar of Qazlal.
  8681 | D:8      | Noticed Grum
  8686 | D:7      | Gained mutation: You have a pair of large horns on your
                  | head. [demonic ancestry]
  8686 | D:7      | Reached XP level 10. HP: 86/86 MP: 10/10
  8833 | D:8      | Killed Grum
  9130 | D:8      | Reached skill level 11 in Fighting
  9231 | D:8      | Reached skill level 10 in Axes
  9612 | D:8      | Found a glowing silver altar of Zin.
  9717 | D:9      | Reached skill level 1 in Dodging
  9903 | D:9      | Found a hazy altar of Hepliaklqana.
 10317 | D:9      | Noticed a two-headed ogre
 10336 | D:9      | Killed a two-headed ogre
 10336 | D:9      | Reached skill level 5 in Armour
 10486 | D:9      | Gained mutation: You are partially covered in sharp spines.
                  | [demonic ancestry]
 10486 | D:9      | Reached XP level 11. HP: 71/93 MP: 9/11
 10487 | D:9      | Quit the game

Illustrated notes

Levels and vault maps discovered:
D:1:      minmay_arrival_stair_chambers, layout_basic
D:2:      layout_loops_cross, old_standard_altar, minmay_tetromino_i2,
          uniq_jessica
D:3:      layout_basic, nicolae_overflow_hidden_temple
D:4:      layout_layer_cave, xom_teletrap_fun, vehumet_altar_wand_db
D:5:      lemuel_ratsnest, layout_basic, yredelemnul_forgotten_temple_becter,
          evilmike_ruin_ashenzari, uniq_pikel, uniq_ijyb
D:6:      layout_loops_cross, kiku_gazebo_garden_becter
D:7:      layout_loops_ring, trog_ov_bears_minmay,
          nicolae_ru_sacrificial_ziggurat, gammafunk_temple_overflow_wave,
          temple_fountains, minmay_ruffians
D:8:      layout_basic, zin_statuary, uniq_grum
D:9:      layout_roguey, old_standard_altar
Temple:   eino_temple_lava

Skill      XL: |  1  2  3  4  5  6  7  8  9 10 |
---------------+-------------------------------+-----
Axes           | 2 3 4 6 7 9 10 | 10.0
Fighting       | 4 5 6 7 8 10 11 | 11.1
Armour         | 5 |  5.6
Dodging        | 3 |  3.1
Evocations     | 3 |  3.5
Shields        | |  2.8

Action                   |  1- 3 |  4- 6 |  7- 9 | 10-12 || total
-------------------------+-------+-------+-------+-------++-------
Melee: War axe           |   104 |   188 |   305 |       ||   597
       Headbutt          |       |    28 |    63 |    50 ||   141
       Whip              |       |       |    83 |   246 ||   329
Evoke: Wand              |       |       |       |     5 ||     5
  Use: Potion            |     2 |       |       |       ||     2
       Scroll            |       |    14 |     3 |       ||    17
 Stab: Invisible         |     1 |       |       |       ||     1
       Distracted        |       |       |     1 |       ||     1
       Paralysed         |       |       |       |     5 ||     5
Armor: Scale mail        |    61 |    40 |       |       ||   101
       Chain mail        |       |    69 |   203 |    93 ||   365
Dodge: Dodged            |    29 |    53 |    50 |    30 ||   162
Block: Kite shield       |    69 |   108 |   151 |    85 ||   413

Table legend: (Time is in decaauts)
 A = Elapsed time spent in this place.
 B = Non-inter-level travel time spent in this place.
 C = Inter-level travel time spent in this place.
 D = Time resting spent in this place.
 E = Time spent auto-exploring this place.
 F = Levels seen in this place.
 G = Mean time per level.
                   A        B        C        D        E       F      G
               +--------+--------+--------+--------+--------+-----+--------+
         Total |  10650 |  10375 |    275 |   1795 |   6620 |  10 | 1065.0 |
       Dungeon |  10444 |  10169 |    275 |   1626 |   6620 |   9 | 1160.4 |
        Temple |    206 |    206 |      0 |    169 |      0 |   1 |  206.0 |
               +--------+--------+--------+--------+--------+-----+--------+

Top non-repeatable levels by time:
     D:5: 1675 daAuts
     D:1: 1490 daAuts
     D:4: 1305 daAuts
     D:6: 1207 daAuts
     D:2: 1103 daAuts
     D:7: 1053 daAuts
     D:3: 967 daAuts
     D:9: 842 daAuts
     D:8: 798 daAuts
  Temple: 206 daAuts
